 Dungeon Crawl Stone Soup version 0.31-a0-232-gb1c03b2570 (webtiles) character file.

Game seed: 4061732846961294699

16 qw the Shooter (level 2, -2/16 HPs)
             Began as a Gargoyle Hexslinger on July 7, 2023.
             Slain by an orc
             ... wielding a +0 hand axe
              (4 damage)
             ... on level 2 of the Dungeon.
             The game lasted 00:00:08 (193 turns).

qw the Shooter (Gargoyle Hexslinger)                 Turns: 193, Time: 00:00:09

Health: -2/16      AC:  4    Str: 11    XL:     2   Next: 58%
Magic:  3/3        EV: 12    Int: 13    God:
Gold:   17         SH:  0    Dex: 12    Spells: 2/3 levels left

rFire   . . .        a - +1 sling
rCold   . . .        (no shield)
rNeg    + . .        c - +0 robe
rPois   inf          (no helmet)
rElec   +            (no cloak)
rCorr   .            (no gloves)
SInv    .            (no boots)
Will    .....        (no amulet)
Stlth   +            (no ring)
HPRegen 0.22/turn    (no ring)
MPRegen 0.08/turn

%: no passive effects
@: no status effects
A: sickness immunity, AC +2, negative energy resistance 1, electricity
resistance, torment resistance 1, petrification resistance
a: no special abilities


You were on level 2 of the Dungeon.
You visited 1 branch of the dungeon, and saw 2 of its levels.

You collected 17 gold pieces.


Innate Abilities, Weirdness & Mutations

You are immune to sickness and miasma.
Your stone body is resilient. (AC +2)
You are immune to poison.
You resist negative energy. (rN+)
You are resistant to electric shocks. (rElec)
You are resistant to unholy torment.
You are immune to petrification.


   Skills:
 + Level 1.3 Fighting
 - Level 3.0 Ranged Weapons
 - Level 1.5 Dodging
 - Level 1.0 Spellcasting
 - Level 2.6 Hexes


You had 2 spell levels left.
You knew the following spells:

 Your Spells              Type           Power      Damage    Failure   Level
a - Slow                  Hex            28%        N/A       10%         1

Your spell library contained the following spells:

 Spells                   Type           Power      Damage    Failure   Level
 Inner Flame              Hex/Fire       4%         N/A       43%         3
 Portal Projectile        Hex/Tloc       8%         N/A       43%         3
 Cause Fear               Hex            3%         N/A       67%         4

Inventory:

Hand Weapons
 a - a +1 sling (weapon)
Armour
 c - a +0 robe (worn)
 f - a +1 pair of gloves
Scrolls
 b - a scroll of poison
 d - 2 scrolls of teleportation {unknown}
 e - a scroll of silence {unknown}
 g - a scroll of noise {unknown}

Dungeon Overview and Level Annotations

Branches:
Dungeon (2/15)

Altars:

Annotations:
D:2 Natasha


Message History

You shoot a sling bullet.
The sling bullet closely misses the kobold.
The kobold hits you with a +0 club.
An orc comes into view. It is wielding a +0 mace.
Natasha, Servant of Life and Death comes into view.
The orc misses you. The kobold closely misses you.
The orc moves out of view.
You shoot a sling bullet.
The sling bullet barely misses the kobold.
The orc hits you with a +0 hand axe. The kobold barely misses you.
Natasha mumbles some strange words.
186 ||| Stepping ~*~*~tactically~*~*~ (outnumbered).
You shoot a sling bullet. The sling bullet hits the kobold.
The kobold is severely wounded.
The orc hits you but does no damage. The kobold closely misses you.
You shoot a sling bullet.
The sling bullet closely misses the kobold.
The kobold barely misses you. The orc hits you with a +0 hand axe.
The kobold barely misses you. The orc hits you but does no damage.
You shoot a sling bullet. The sling bullet hits the kobold.
You kill the kobold!
The orc hits you with a +0 hand axe.
You shoot a sling bullet.
The sling bullet closely misses Natasha.
The sling bullet hits the orc.
The orc is moderately wounded.
Natasha barely misses you. The orc hits you with a +0 hand axe.
You shoot a sling bullet. The sling bullet hits the orc.
The orc is heavily wounded.
Natasha closely misses you. The orc hits you with a +0 club.
The orc hits you but does no damage. The cerulean imp misses you.
You shoot a sling bullet.
The sling bullet hits the orc but does no damage.
The orc is heavily wounded.
Natasha closely misses you. The orc completely misses you.
The cerulean imp barely misses you. The orc hits you but does no damage.
Natasha barely misses you. The orc barely misses you.
The cerulean imp misses you. The orc closely misses you.
You shoot a sling bullet. The sling bullet barely misses the orc.
Natasha barely misses you. The orc hits you with a +0 hand axe.
You die...

#. .... .. #.
.... . #. .....
#. #. #.....
#.####.##......
......o...5...
#..##g5.o....
#..#oh# #...o@#
##...##
.......#
###....#
....#.#
..#.#... >.#.
.... #. #.
.....


You could see Natasha, a cerulean imp (summoned), 3 orcs and a hobgoblin.

Vanquished Creatures
  3 ball pythons (D:1)
  An endoplasm (D:1)
  2 goblins (D:1)
  3 jackals (D:1)
  2 kobolds
  2 rats (D:1)
13 creatures vanquished.

Notes
Turn   | Place    | Note
-------+----------+-------------------------------------------
     0 | D:1      | qw the Gargoyle Hexslinger began the quest for the Orb.
     0 | D:1      | Reached XP level 1. HP: 12/12 MP: 2/2
     0 | D:1      | 0 ||| qw: Version: 0.3-a-46-gb1f654a
     0 | D:1      | 0 ||| qw: Game counter: 2758
     0 | D:1      | 0 ||| qw: Melee chars always use a shield: true
     0 | D:1      | 0 ||| qw: God list: Okawaru
     0 | D:1      | 0 ||| qw: Allow faded altars: false
     0 | D:1      | 0 ||| qw: Do Orc after clearing Dungeon:15 true
     0 | D:1      | 0 ||| qw: Do second Lair branch before Depths: true
     0 | D:1      | 0 ||| qw: Lair rune preference: random
     0 | D:1      | 0 ||| qw: Goals: Normal
     0 | D:1      | 0 ||| PLANNING D:1-11
    39 | D:1      | Found a faded altar of an unknown god.
    47 | D:1      | Reached XP level 2. HP: 16/16 MP: 3/3
   103 | D:1      | Reached skill level 3 in Ranged Weapons
   177 | D:1      | You fall into a shaft and drop 1 floor!
   184 | D:2      | Noticed Natasha
   186 | D:2      | 186 ||| Stepping ~*~*~tactically~*~*~ (outnumbered).
   190 | D:2      | HP: 3/16 [orc/+0 hand axe (2)]
   191 | D:2      | HP: 1/16 [orc/+0 club (2)]
   193 | D:2      | Slain by an orc

Levels and vault maps discovered:
D:1:      tarquinn_simple_flora_water_b, layout_rooms,
          shapermc_ecumenical_altar_rom_forum
D:2:      layout_rooms, chequers_serial_rivers_small_a, serial_bayou_pond_e,
          uniq_natasha, uniq_terence

Skill      XL: |  1  2 |
---------------+-------+-----
Ranged Weapons | 3 |  3.0
Fighting       | |  1.3
Dodging        | |  1.5
Spellcasting   | |  1.0
Hexes          | |  2.6

Action                     || total
---------------------------++-------
   Fire: Sling             ||    45
 Armour: Robe              ||    10
  Dodge: Dodged            ||    29

Table legend:
 A = Non-vault XP
 B = Vault XP
 C = Vault XP percentage of total XP
 D = Non-vault monster count
 E = Vault monster count
 F = Vault count percentage of total count
                 A         B        C        D         E       F
            +---------+---------+-------+---------+---------+-------
      Total |      24 |       0 |   0.0 |      13 |       0 |   0.0
            +---------+---------+-------+---------+---------+-------
        D:1 |      22 |       0 |   0.0 |      12 |       0 |   0.0
        D:2 |       2 |       0 |   0.0 |       1 |       0 |   0.0
            +---------+---------+-------+---------+---------+-------
